[Event "Early-Titled-Tuesday-Blitz-March-05-2024"]
[Site "Chess.com"]
[Date "2024.03.05"]
[Round "3"]
[White "abc_xyz4744"]
[Black "ritanovikova"]
[Result "1-0"]
[WhiteElo "2421"]
[BlackElo "2202"]
[TimeControl "180+1"]
[EndTime "8:32:12 PST"]
[Termination "abc_xyz4744 won by resignation"]

1. e4 d5 2. exd5 Qxd5 3. Nc3 Qd6 4. d4 Nf6 5. Nf3 c6 6. Bd3 Bg4 7. Ne4 Nxe4 8. Bxe4 Nd7 9. Be3 Nf6 10. Bd3 e6 11. h3 Bh5 12. Qe2 Qb4+ 13. c3 Qa5 14.
Bf4 O-O-O 15. O-O Bd6 16. Bxd6 Rxd6 17. b4 Qc7 18. Rab1 Nd5 19. Rfc1 Nf4 20. Qe3 Nxd3 21. Qxd3 Bg6 22. Qe3 Bxb1 23. Rxb1 h6 24. Ne5 Re8 25.
b5 f6 26. Nc4 Rd5 27. b6 axb6 28.
Nxb6+ Kd8 29. Nxd5 exd5 30. Qd3 Re4 31. g3 Kc8 32.
Qf3 Qe7 33. Qf5+ Kb8 34. Kg2 Re2 35. Qf4+ Kc8 36. Qg4+ Kb8 37. a4 Qe4+ 38. Qxe4 dxe4 39. Kf1 Ra2 40. Re1 f5 41. g4 g6 42. gxf5 gxf5 43. f3 exf3 44. Re5 Rh2 45. Rxf5 Rxh3 46. Kf2 Kc7 47.
a5 Kb8 48. Rxf3 Rxf3+ 49. Kxf3 Ka7 50. Ke4 Ka6 51. Ke5 Kxa5 52. c4 Kb6 53. Ke6 Kc7 54.
Ke7 h5 55. d5 cxd5 56. cxd5 h4 57. d6+ Kc6 58. d7 h3 59. d8=Q h2 60. Qh8 b5 61.
Qxh2 Kc5 62. Qb2 b4 63. Ke6 Kc4 64. Kd6 1-0

[Event "Early-Titled-Tuesday-Blitz-March-05-2024"]
[Site "Chess.com"]
[Date "2024.03.05"]
[Round "3"]
[White "jens1102"]
[Black "GreenPeach24"]
[Result "1/2-1/2"]
[WhiteElo "2626"]
[BlackElo "2470"]
[TimeControl "180+1"]
[EndTime "8:32:14 PST"]
[Termination "Game drawn by stalemate"]

1. e4 c6 2. Nf3 d5 3. Nc3 g6 4. d4 dxe4 5. Nxe4 Bg7 6. c3 Nf6 7. Bd3 O-O 8. O-O Nbd7 9. Re1 Qc7 10. Bg5 Nxe4 11. Bxe4 e5 12. Qd2 f5 13. Bc2 e4 14.
Nh4 Nf6 15. Bb3+ Kh8 16. h3 Qe7 17. Qf4 Be6 18. f3 Bxb3 19. axb3 a6 20. fxe4 fxe4 21.
Re2 Qf7 22. Rf1 Rae8 23. Ref2 e3 24. Re2 Qxb3 25. Rxe3 Rxe3 26. Qxe3 Qf7 27. Nf3 Nd5 28. Qd2 Qd7 29. Bh6 Rf5 30. Bxg7+ Kxg7 31. Qe2 Nf4 32. Qe4 Nh5 33. Qe3 Nf6 34. Re1 Nd5 35. Qe8 Qxe8 36. Rxe8 Rf7 37. Ne5 Re7 38. Rb8 Kf6 39. Kf2 Ke6 40. g4 Kd6 41. Rh8 b5 42. h4 c5 43. h5 gxh5 44. gxh5 cxd4 45. cxd4 Nb6 46. h6 Kd5 47. Rd8+ Ke4 48. Nc6 Rf7+ 49. Kg3 Nd5 50. Re8+ Kd3 51. Re5 Nb6 52. d5 Rd7 53. Nb4+ Kd4 54.
Nxa6 Kxe5 55. Nc5 Rd6 56. Nb3 Rxd5 57. Kg4 Nc4 58. Nd2 Nxd2 59. Kg5 Nc4 60. b3 Rd7 61. bxc4 bxc4 62. Kg4 c3 63. Kg5 c2 64. Kg4 c1=Q 65.
Kh5 Qf4 1/2-1/2

[Event "Early-Titled-Tuesday-Blitz-March-05-2024"]
[Site "Chess.com"]
[Date "2024.03.05"]
[Round "3"]
[White "david_gomez"]
[Black "DarZay"]
[Result "0-1"]
[WhiteElo "2615"]
[BlackElo "2321"]
[TimeControl "180+1"]
[EndTime "8:32:14 PST"]
[Termination "DarZay won by resignation"]

1. e4 c5 2. Nf3 Nc6 3. Bb5 g6 4. Bxc6 dxc6 5. d3 Bg7 6. h3 e5 7.
Be3 b6 8. a3 Qd6 9. Nbd2 Be6 10.
Nc4 Bxc4 11. dxc4 Rd8 12. Qxd6 Rxd6 13. Ke2 Kd7 14. Rhd1 Ne7 15. Rxd6+ Kxd6 16. b4 cxb4 17. axb4 Nc8 18. c5+ Kc7 19. Ng5 bxc5 20. Bxc5 Bf6 21. Nxf7 Re8 22. Nh6 Kb7 23. Ng4 Bg7 24. Ne3 Nb6 25.
Rd1 Bh6 26. Ng4 Bg5 27. Bxb6 Kxb6 28. c4 Be7 29. c5+ Kb5 30. Nxe5 Bxc5 31. Nd3 Bxb4 32.
e5 c5 33. f4 a5 34. Nb2 a4 35. Kd3 a3 36. Nc4 Rd8+ 37. Nd6+ Ka4 38. Kc4 a2 39. g4 Rf8 40. f5 gxf5 41. gxf5 Ka3 42. e6 Rd8 43. f6 Kb2 44. Ra1 Kxa1 45. e7 Rxd6 46. e8=Q Rd4+ 47. Kb3 Rd3+ 48. Kc4 Rc3+ 49. Kb5 Kb2 50. Qe2+ Rc2 51. Qe5+ Bc3 52. Qb8 a1=Q 53. Kc4+ Kc1 54. Qf4+ Bd2+ 0-1

[Event "Early-Titled-Tuesday-Blitz-March-05-2024"]
[Site "Chess.com"]
[Date "2024.03.05"]
[Round "3"]
[White "AsselLesbekova"]
[Black "Lady_Nika"]
[Result "0-1"]
[WhiteElo "2289"]
[BlackElo "2559"]
[TimeControl "180+1"]
[EndTime "8:32:14 PST"]
[Termination "Lady_Nika won by checkmate"]

1. e4 b6 2. Nc3 Bb7 3. g3 Nf6 4. Bg2 e6 5. Nge2 d5 6. exd5 exd5 7.
O-O Bd6 8. Re1 O-O 9. d4 a6 10. Bf4 Bb4 11. a3 Be7 12. Qd3 Nbd7 13. Be5 Re8 14.
Nf4 c6 15. Qf3 Nf8 16. Nh5 Nxh5 17. Qxh5 Bf6 18. Bxf6 Qxf6 19. Qh4 Qxh4 20. gxh4 Ng6 21. Na4 Nxh4 22. Nxb6 Rad8 23. Nd7 h6 24. Ne5 f6 25. Nd3 Bc8 26. Rxe8+ Rxe8 27. Re1 Rxe1+ 28. Nxe1 Bf5 29. Bf1 a5 30. f3 g5 31. Kf2 Kf7 32. Bd3 Ke6 33.
Bxf5+ Nxf5 34. c3 Nd6 35. b4 axb4 36. cxb4 Nb5 37. Nc2 Kd6 38. f4 Nc3 39. fxg5 hxg5 40. Kf3 f5 41. Ne3 Ke6 42. Nc2 g4+ 43. Ke3 Kf6 44. Kd3 Na4 45. Ne1 f4 46. Ke2 Kf5 47.
Nd3 Ke4 48. Nc5+ Nxc5 49. dxc5 d4 50. a4 d3+ 51. Kd2 f3 52. a5 f2 53. a6 f1=Q 54. a7 Qe2+ 55. Kc3 Qc2# 0-1

[Event "Early-Titled-Tuesday-Blitz-March-05-2024"]
[Site "Chess.com"]
[Date "2024.03.05"]
[Round "3"]
[White "GianmarcoVaR"]
[Black "Baku_Boulevard"]
[Result "0-1"]
[WhiteElo "2750"]
[BlackElo "3075"]
[TimeControl "180+1"]
[EndTime "8:32:16 PST"]
[Termination "Baku_Boulevard won by resignation"]

1. e4 c5 2. Nf3 d6 3. Bb5+ Nc6 4.
O-O Nf6 5. Re1 Bd7 6. c3 a6 7.
Bf1 Bg4 8. d4 Bxf3 9. gxf3 cxd4 10. cxd4 e5 11. d5 Nd4 12. Be3 Be7 13. Nd2 Nh5 14.
Nb3 Bf6 15. Bh3 O-O 16. Rc1 Nf4 17. Bxf4 Nxb3 18. Qxb3 exf4 19. Qxb7 Rb8 20. Qxa6 Rxb2 21. Rc8 Qe7 22. Rec1 g6 23. Qa8 Bg7 24. Rxf8+ Bxf8 25. Rc8 Kg7 26. Qa3 Qe5 27. Qc3 Rxa2 28. Qxe5+ dxe5 29. Rc7 Kf6 30. Bd7 Bd6 31. Rc6 Ke7 32. Bc8 Bb4 33. Rc7+ Kd8 34. Rc1 Bd2 35. Rc6 Be1 36.
d6 Bxf2+ 37. Kf1 Bd4 38. Bg4 f5 39. exf5 Kd7 40. Rc7+ Kxd6 41. Rxh7 gxf5 42. Bxf5 Rf2+ 43. Ke1 Rxf3 44. h4 Rg3 45. Rd7+ Kc5 46. h5 f3 47. h6 f2+ 48. Ke2 Rg1 49. Bh3 Re1+ 50. Kf3 f1=Q+ 51. Bxf1 Rxf1+ 52. Ke4 Rh1 53. h7 Rh4+ 54. Kf5 Kc4 55. Kg6 e4 56. Rc7+ Kd3 57.
Kg5 Rh1 58. Rd7 e3 59. Re7 e2 0-1

[Event "Early-Titled-Tuesday-Blitz-March-05-2024"]
[Site "Chess.com"]
[Date "2024.03.05"]
[Round "3"]
[White "Iskusnyh"]
[Black "TheKingDoctor"]
[Result "1-0"]
[WhiteElo "2700"]
[BlackElo "2368"]
[TimeControl "180+1"]
[EndTime "8:32:16 PST"]
[Termination "Iskusnyh won on time"]

1. d4 d5 2. c4 c6 3. Nf3 Nf6 4. e3 g6 5. Nc3 Bg7 6. Be2 dxc4 7. O-O O-O 8. Bxc4 Bg4 9. Be2 Nbd7 10. Qc2 Bxf3 11. Bxf3 e5 12. Rd1 exd4 13. exd4 Nb6 14. Bg5 h6 15. Bh4 Qd6 16. a3 Rfe8 17. Qb3 Qe6 18. Qc2 Rad8 19. h3 Qd6 20. Rac1 Rd7 21. Rd3 Nbd5 22. Ne2 Nf4 23. Nxf4 Qxf4 24. Bg3 Qf5 25.
Rcd1 Red8 26. Qa4 a6 27. Be5 h5 28. Qb3 Nd5 29. Bxd5 Rxd5 30. Bxg7 Kxg7 31. Qxb7 c5 32.
Rf3 Qe6 33. Re3 Qf6 34. Rf3 Qe6 35. Re3 Qf6 36. Rde1 R8d7 37. Qa8 Rd8 38. Qb7 R8d7 39. Qb3 cxd4 40. Rf3 Rf5 41. Rxf5 Qxf5 42. Rd1 Qe4 43. Qd3 Qe5 44. Qxa6 h4 45. Qd3 Qd5 46. a4 Qa2 47. b3 Qb2 48. Rd2 Qa1+ 49. Kh2 Rd5 50. Qc4 Rd6 51. a5 Qe1 52. Qe2 Qa1 53. Qe5+ Rf6 54. Qxd4 Qe1 55. b4 g5 56. a6 Kg6 57.
a7 1-0

[Event "Early-Titled-Tuesday-Blitz-March-05-2024"]
[Site "Chess.com"]
[Date "2024.03.05"]
[Round "3"]
[White "Der_Balak_3Halak"]
[Black "sotochess"]
[Result "0-1"]
[WhiteElo "2466"]
[BlackElo "2637"]
[TimeControl "180+1"]
[EndTime "8:32:17 PST"]
[Termination "sotochess won by checkmate"]

1. e4 d5 2. exd5 Qxd5 3. Nc3 Qa5 4. d4 Nf6 5. Bc4 c6 6. Nf3 Bg4 7. O-O Nbd7 8. h3 Bh5 9. Bf4 e6 10. a3 Be7 11. b4 Qd8 12. Re1 a5 13. b5 Nb6 14. Be2 O-O 15. bxc6 bxc6 16. Rb1 Bxa3 17. Ne5 Bxe2 18. Qxe2 Rc8 19. Qf3 Nbd5 20. Nxd5 Nxd5 21. Qxa3 Nxf4 22. c3 Qg5 23. g3 Nxh3+ 24. Kf1 Qf5 25. Rb2 Ng5 26. Re3 c5 27. Rbe2 cxd4 28. cxd4 Rfd8 29.
Qxa5 Rxd4 30. Nc6 Rd1+ 31. Re1 Qxa5 32. Nxa5 Rd5 33. Nb3 h6 34. Nc1 Rc2 35. Nd3 Nh3 36. Rf3 Ng5 37. Rfe3 Rf5 38. R1e2 Rxe2 39. Kxe2 Nh7 40.
Rf3 Rxf3 41. Kxf3 Kf8 42. Ke4 Ke7 43. Kd4 Kd6 44. Ke3 Nf6 45. Nb2 Nd5+ 46. Kf3 Kc5 47.
Nd3+ Kd4 48. Nc1 e5 49. Ne2+ Kd3 50. Nc1+ Kc2 51. Ne2 Nc3 52. Ng1 Kd3 53. Nh3 f5 54. Kg2 g5 55. Ng1 g4 56. f3 h5 57. fxg4 hxg4 58.
Kf2 Ne4+ 59. Kg2 Ke3 60. Kh2 Kf2 61. Kh1 Nxg3+ 62. Kh2 Ne2 63. Kh1 Nxg1 64. Kh2 Ne2 65. Kh1 f4 66. Kh2 f3 67. Kh1 Nf4 68. Kh2 e4 69.
Kh1 e3 70. Kh2 e2 71. Kh1 e1=Q+ 72. Kh2 Qg1# 0-1

[Event "Early-Titled-Tuesday-Blitz-March-05-2024"]
[Site "Chess.com"]
[Date "2024.03.05"]
[Round "3"]
[White "GAusal"]
[Black "N4700000"]
[Result "0-1"]
[WhiteElo "2307"]
[BlackElo "2501"]
[TimeControl "180+1"]
[EndTime "8:32:17 PST"]
[Termination "N4700000 won by checkmate"]

1. d4 Nf6 2. Nf3 e6 3. Bf4 b6 4. e3 Bb7 5. Be2 Nh5 6. Bg3 Nxg3 7. hxg3 Be7 8. Nbd2 d6 9. c3 Nd7 10. Qc2 h6 11.
O-O-O c5 12. Kb1 Qc7 13. Rc1 cxd4 14. cxd4 Qxc2+ 15. Rxc2 Kd8 16. Rhc1 Rc8 17. Rxc8+ Bxc8 18. Ne4 Bb7 19. Nc3 Nf6 20. Bb5 a6 21. Bd3 b5 22.
Ne2 Ng4 23. Rf1 Kd7 24. e4 Rc8 25. Nd2 g6 26. f3 Ne3 27. Rh1 h5 28. Rh2 Bd8 29.
a3 Bb6 30. Nb3 Ke7 31. Nf4 Nc4 32. Rh1 e5 33. dxe5 dxe5 34. Ne2 Ne3 35. Rh2 Nf1 36.
Rh1 Ne3 37. Rh2 Nd1 38. g4 hxg4 39. fxg4 Nf2 40. Rh7 Nxd3 41. g5 Bxe4 42. Ka2 Bd5 43. Nc3 Be6 44. a4 Nc1+ 45. Ka3 Nxb3 46. axb5 axb5 47. Nxb5 Bc5+ 48. Ka2 Ra8+ 49. Kb1 Ra1+ 50. Kc2 Rc1+ 51. Kd3 Bc4+ 52. Ke4 Bxb5 53. Kxe5 Bd4+ 54. Kd5 Bc4+ 55. Kc6 Be6+ 56. Kb5 Rc5+ 57. Kb4 Rc6 58. g4 Rb6+ 59. Ka4 Bd7+ 60. Ka3 Bc5+ 61. Ka2 Bxg4 62.
Kb1 Bf5+ 63. Ka2 Nd2 64. b4 Bd4 65. Ka3 Ra6# 0-1

[Event "Early-Titled-Tuesday-Blitz-March-05-2024"]
[Site "Chess.com"]
[Date "2024.03.05"]
[Round "3"]
[White "Elprofessor21"]
[Black "GMKrikor"]
[Result "1-0"]
[WhiteElo "2671"]
[BlackElo "2868"]
[TimeControl "180+1"]
[EndTime "8:32:20 PST"]
[Termination "Elprofessor21 won by resignation"]

1. Nf3 d5 2. d4 Bf5 3. c4 e6 4. Nc3 Nf6 5. Bg5 c6 6. e3 Nbd7 7. Bd3 Bg6 8. O-O Be7 9. Rc1 O-O 10. h3 Ne4 11. Bxe7 Qxe7 12. Qc2 f5 13. Ne2 Bh5 14. Ne1 Bxe2 15. Bxe2 Qd6 16. Nd3 Rf6 17.
b4 dxc4 18. Nc5 b5 19. Nxe4 fxe4 20. Qxe4 Nb6 21. Qb1 Raf8 22. Rcd1 Nd5 23. e4 Nc3 24. Qc2 Qxb4 25. Bg4 Nxd1 26. Qxd1 Qe7 27. d5 Rd8 28.
e5 Rg6 29. d6 Qg5 30. f4 Qh4 31. f5 exf5 32. Bxf5 Rh6 33. e6 Qf6 34. e7 Re8 35. d7 Qxe7 36. dxe8=Q+ Qxe8 37. Bd7 Qe7 38. Bg4 Rd6 39.
Qf3 g6 40. Kh2 Kg7 41. Qg3 a5 42. Re1 Qf6 43. Re8 c3 44. Rc8 b4 45. Rc7+ Kh6 46. Qe3+ g5 47. h4 Qf4+ 48. Qxf4 gxf4 49. Bf5 Kh5 50.
Rxh7+ Rh6 51. Bg4+ Kxg4 52. Rxh6 a4 53. Rxc6 Kxh4 54.
a3 b3 55. Rxc3 Kg4 56. Rc4 Kf5 57. Rb4 Ke5 58. Rxa4 Kd5 59. Rb4 Kc5 60. Rxb3 1-0

[Event "Early-Titled-Tuesday-Blitz-March-05-2024"]
[Site "Chess.com"]
[Date "2024.03.05"]
[Round "3"]
[White "dianamirza"]
[Black "Azalea95"]
[Result "0-1"]
[WhiteElo "1993"]
[BlackElo "2348"]
[TimeControl "180+1"]
[EndTime "8:32:20 PST"]
[Termination "Azalea95 won by resignation"]

1. d4 Nf6 2. Nf3 d5 3. e3 c5 4. b3 Nc6 5. Bb2 Bf5 6. Bd3 Bg6 7. O-O e6 8. Nbd2 Be7 9. Ne5 Nxe5 10. dxe5 Nd7 11. f4 Qb6 12. Kh1 c4 13. Bxg6 hxg6 14. Bd4 Bc5 15. Nf3 O-O-O 16. bxc4 dxc4 17. Rb1 Qc6 18. c3 Nb6 19. a4 Nxa4 20. Qc2 Nb6 21. Qa2 Kb8 22. Bxc5 Qxc5 23. Nd4 Nd5 24. Rb5 Qc7 25. Rfb1 b6 26. Qa3 Nxe3 27. R1b4 Nc2 28. Qb2 Nxb4 29. Rxb4 Rd5 30. Qa2 Rhd8 31. Rxc4 Rc5 32. Ra4 Rxc3 33.
h3 Rc5 34. Qe2 Rcd5 35. Nb5 Qc1+ 36. Kh2 Qd2 37. Qf1 Qd3 38. Qxd3 Rxd3 39. Nxa7 Kb7 40. Nb5 R8d5 41. Nd6+ Rxd6 42. exd6 Rxd6 43. Kg3 b5 44.
Rb4 Kb6 45. Rb2 Kc5 46. Rc2+ Kb4 47. Rc7 Kb3 48. Rxf7 Rb6 49. Rxg7 Ka2 50. Rxg6 b4 51.
h4 b3 52. h5 b2 53. h6 b1=Q 54. Rg7 Rb7 55. Rxb7 Qxb7 56. Kg4 Qh7 57. Kh5 Qf5+ 58. Kh4 Qxf4+ 59. g4 Qxh6+ 60. Kg3 Qg5 0-1

[Event "Early-Titled-Tuesday-Blitz-March-05-2024"]
[Site "Chess.com"]
[Date "2024.03.05"]
[Round "3"]
[White "viniciusrego"]
[Black "GeorgiosSouleidis"]
[Result "1/2-1/2"]
[WhiteElo "2379"]
[BlackElo "2694"]
[TimeControl "180+1"]
[EndTime "8:32:21 PST"]
[Termination "Game drawn - insufficient material"]

1. Nf3 Nf6 2. c4 g6 3. Nc3 Bg7 4. e4 d6 5. d4 O-O 6. Be2 e5 7.
d5 a5 8. Bg5 h6 9. Bh4 Na6 10.
Nd2 Bd7 11. O-O Qe8 12. b3 Nh7 13. a3 h5 14. f3 Bh6 15. Bf2 f5 16. Rb1 Nc5 17. b4 axb4 18. axb4 Na4 19. Nxa4 Rxa4 20. c5 Ra2 21. Nc4 Ba4 22. Qe1 Qe7 23. b5 fxe4 24. cxd6 cxd6 25. fxe4 Bc2 26. Rb2 Rxb2 27. Nxb2 Bxe4 28.
Bxh5 Bxg2 29. Kxg2 gxh5 30. Qe4 Kh8 31. Kh1 Ng5 32.
Qg6 Qg7 33. Qxh5 Ne4 34. Nd3 Qh7 35. Qe2 Nxf2+ 36. Rxf2 Rxf2 37. Nxf2 Bf4 38. Ng4 Qb1+ 39. Kg2 Qg6 40. h3 e4 41. Qb2+ Kh7 42. Qc2 e3 43.
Qxg6+ Kxg6 44. Kf3 e2 45. Kxe2 Kf5 46. Kf3 Bg5 47.
Ke2 Ke4 48. Kf2 Kxd5 49. Kg3 Ke4 50. h4 Bf4+ 51. Kh3 d5 52. h5 d4 53. h6 Bxh6 54. Nxh6 d3 55. Kg2 d2 56. Ng4 Kd3 57. Nf2+ Ke2 58.
b6 Ke3 59. Kf1 Kd4 60. Nd1 Kc5 61. Ke2 Kxb6 62. Kxd2 Kc5 63. Kc3 b5 64. Nb2 b4+ 65.
Kb3 Kd6 66. Nd3 Ke7 67. Nxb4 1/2-1/2

[Event "Early-Titled-Tuesday-Blitz-March-05-2024"]
[Site "Chess.com"]
[Date "2024.03.05"]
[Round "3"]
[White "Juwen"]
[Black "Eagle_2019"]
[Result "1/2-1/2"]
[WhiteElo "2625"]
[BlackElo "2864"]
[TimeControl "180+1"]
[EndTime "8:32:22 PST"]
[Termination "Game drawn by stalemate"]

1. d4 d5 2. Nf3 Nf6 3. c4 e6 4. g3 Be7 5. Bg2 O-O 6. O-O Nbd7 7. Qd3 a6 8. b3 b5 9. cxd5 exd5 10. Bf4 Bb7 11. Nbd2 c5 12. dxc5 Nxc5 13. Qf5 Nce4 14. Rac1 Re8 15. Bc7 Qd7 16. Bh3 Qxf5 17. Bxf5 Bb4 18.
Nxe4 dxe4 19. Nd4 Nd5 20. e3 Bc3 21. Bf4 Bxd4 22. exd4 Nxf4 23. gxf4 Rad8 24. Rfd1 g6 25. Bh3 e3 26. fxe3 Rxe3 27. Bf1 Bd5 28. Re1 Rxe1 29.
Rxe1 Be6 30. Rd1 Kf8 31. Kf2 Ke7 32. Ke3 Bd5 33. Rc1 Kd6 34. Bd3 Re8+ 35. Kf2 Bc6 36.
Rc5 Rd8 37. Ke3 Re8+ 38. Kf2 f5 39. a4 bxa4 40. bxa4 Bxa4 41. Ra5 Bb5 42. Bxb5 axb5 43. Rxb5 Rc8 44. Rb7 Rc2+ 45. Kg3 Kd5 46. Rxh7 Kxd4 47. Re7 Rc3+ 48. Kh4 Rc2 49. h3 Rg2 50. Re6 Kd3 51. Re7 Kd4 52. Re6 Kd5 53. Re5+ Kd6 54. Re8 Kd7 55.
Re7+ Kxe7 1/2-1/2

[Event "Early-Titled-Tuesday-Blitz-March-05-2024"]
[Site "Chess.com"]
[Date "2024.03.05"]
[Round "3"]
[White "only_strong_moves"]
[Black "Josgar05"]
[Result "0-1"]
[WhiteElo "2562"]
[BlackElo "2389"]
[TimeControl "180+1"]
[EndTime "8:32:22 PST"]
[Termination "Josgar05 won on time"]

1. d4 d5 2. Nc3 c5 3. dxc5 Nf6 4. Bf4 Qa5 5. e3 Qxc5 6. Nb5 Na6 7. Nf3 Bf5 8. c3 Bd7 9. Nbd4 e6 10. Bd3 Bd6 11.
O-O Bxf4 12. exf4 Qc7 13. g3 Nc5 14. Bc2 O-O 15. Re1 Rac8 16. Rc1 Qa5 17. a3 Qc7 18. Bb1 Qb6 19. Qe2 Rfd8 20. Ne5 a5 21. Kg2 a4 22.
Rcd1 Nb3 23. h3 Nxd4 24. Rxd4 Bb5 25. Qc2 Qxd4 26. cxd4 Rxc2 27. Bxc2 Rc8 28. Rc1 Kf8 29. Kf3 Ke7 30. Ke3 g6 31. f3 Nh5 32. g4 Ng3 33. Kd2 Ne2 34. Re1 Nxd4 35. Bd1 f6 36. Nd3 Kd6 37. Nb4 Bc4 38. Re3 b5 39. h4 Bb3 40.
Be2 e5 41. fxe5+ fxe5 42. Bd3 Ne6 43. Bb1 Nf4 44. h5 gxh5 45. gxh5 h6 46. Re1 Rg8 47. Bd3 Bc4 48. Bxc4 bxc4 49. Kc3 Rg3 50. Rf1 e4 51. Nc2 Ke5 52. Kb4 Rxf3 53. Rg1 Nd3+ 54. Kxa4 Nxb2+ 55. Ka5 d4 56. a4 d3 57. Na3 c3 58. Kb5 Rf5 59.
a5 Kd4+ 60. Kb6 c2 61. a6 Nc4+ 62. Nxc4 Kxc4 63. a7 Rf8 64. Rg6 d2 65. Rc6+ Kd3 66.
Rd6+ Ke3 67. Rc6 c1=Q 68. Rc4 Qxc4 0-1

[Event "Early-Titled-Tuesday-Blitz-March-05-2024"]
[Site "Chess.com"]
[Date "2024.03.05"]
[Round "3"]
[White "Brave_spirit12"]
[Black "KuzubovYuriy"]
[Result "1/2-1/2"]
[WhiteElo "2717"]
[BlackElo "2978"]
[TimeControl "180+1"]
[EndTime "8:32:23 PST"]
[Termination "Game drawn by repetition"]

1. e4 e6 2. d4 d5 3. Nc3 Bb4 4. Ne2 Nf6 5. a3 Be7 6. e5 Nfd7 7. f4 b6 8. Be3 c5 9. g3 Nc6 10. Bg2 Ba6 11. f5 cxd4 12. Nxd4 Nxd4 13. Bxd4 O-O 14.
fxe6 fxe6 15. Qg4 Nc5 16. Bxc5 Bxc5 17. Qxe6+ Kh8 18. O-O-O Qg5+ 19. Kb1 Rae8 20. Qxd5 Rxe5 21. Qc6 h6 22. Ne4 Qf5 23. Nxc5 Rxc5 24. Qe4 Qf2 25. Rhf1 Bxf1 26. Rxf1 Qxf1+ 27. Bxf1 Rxf1+ 28. Ka2 Rf8 29. h4 a5 30. Qe6 Rf6 31. Qe8+ Kh7 32. Qe4+ Kh8 33.
b4 axb4 34. axb4 Rc8 35. c4 Rfc6 36. Kb3 R6c7 37. Qe6 Rc6 38. Qd5 Rf6 39. Ka4 Re8 40. g4 Ree6 41. g5 hxg5 42. hxg5 Rg6 43. Kb5 Kg8 44.
c5 bxc5 45. bxc5 Kh7 46. Qh1+ Kg8 47. Qd5 Kh7 48. Qf5 Kg8 49. Kc4 Kh8 50. Kd5 Ra6 51. Qh3+ Kg8 52. Qf5 Kh8 53. Qc8+ Kh7 54. Qd8 Rac6 55.
Qe7 Ra6 56. Qe4 Kg8 57. Qe8+ Kh7 58. Qe4 Rc6 59. Qh4+ Kg8 60. Qg4 Ra6 61. Qf5 Kh8 1/2-1/2

[Event "Early-Titled-Tuesday-Blitz-March-05-2024"]
[Site "Chess.com"]
[Date "2024.03.05"]
[Round "3"]
[White "Boorchess"]
[Black "AlexeiShirov"]
[Result "1/2-1/2"]
[WhiteElo "2521"]
[BlackElo "2835"]
[TimeControl "180+1"]
[EndTime "8:32:23 PST"]
[Termination "Game drawn by stalemate"]

1. d4 d5 2. c4 c6 3. cxd5 cxd5 4.
Nc3 Nc6 5. e4 Nf6 6. f3 e5 7.
dxe5 Nxe5 8. f4 Bg4 9. Be2 Bxe2 10. Qxe2 Nc6 11. exd5+ Ne7 12. Qb5+ Qd7 13. Qxd7+ Kxd7 14. Nf3 Nfxd5 15. Bd2 Nb4 16. O-O Nec6 17. Rad1 Re8 18. a3 Nc2 19. Ne5+ Kc8 20. Nxc6 bxc6 21. Rc1 Nd4 22.
Kh1 Kb7 23. Na4 Nb3 24. Rc2 Re2 25. Rd1 Bd6 26. Nc3 Rxd2 27. Rcxd2 Nxd2 28. Rxd2 Re8 29. g3 Re1+ 30. Kg2 Kc7 31. Ne2 Bc5 32. Rc2 Bb6 33. Kf3 f5 34. Nc3 Rf1+ 35. Kg2 Rg1+ 36. Kh3 Kd6 37.
Na4 Bd4 38. Rd2 c5 39. Nc3 Kc6 40. Ne2 Rb1 41. Nxd4+ cxd4 42. Rxd4 Rxb2 43. Ra4 Rb7 44. Ra5 g6 45. g4 Rb3+ 46. Kh4 fxg4 47. Kxg4 Rb7 48.
h4 Rf7 49. h5 gxh5+ 50. Rxh5 Rg7+ 51. Kf3 Kd6 52. a4 Rb7 53. a5 Ke6 54. Kg4 Kf6 55. Rh6+ Kg7 56. Ra6 Rf7 57. Kg5 h6+ 58. Rxh6 Rxf4 59.
Rg6+ Kf7 60. Kxf4 Kxg6 61. Ke5 Kf7 62. Kd6 Ke8 63. Kc7 Ke7 64. Kb7 Kd7 65. Kxa7 Kc7 66. a6 Kc8 67. Ka8 Kc7 68. Ka7 Kc8 69. Kb6 Kb8 70.
a7+ Ka8 71. Ka6 1/2-1/2

[Event "Early-Titled-Tuesday-Blitz-March-05-2024"]
[Site "Chess.com"]
[Date "2024.03.05"]
[Round "3"]
[White "Preobrazhenska_D2011"]
[Black "otrov-11"]
[Result "0-1"]
[WhiteElo "2441"]
[BlackElo "2614"]
[TimeControl "180+1"]
[EndTime "8:32:23 PST"]
[Termination "otrov-11 won on time"]

1. e4 e6 2. d4 d5 3. Nc3 Bb4 4. e5 c5 5. a3 Bxc3+ 6. bxc3 Ne7 7. Qg4 Qc7 8. Bd3 c4 9. Be2 Nf5 10. Nf3 h6 11. O-O Nc6 12. a4 Bd7 13. Bd2 O-O-O 14. Rfb1 f6 15. Nh4 fxe5 16. dxe5 Nxe5 17. Qh3 g5 18. Nxf5 exf5 19. Qe3 Nc6 20. Bf3 Rhe8 21. Qc5 b6 22. Qxd5 g4 23. Qxc4 gxf3 24. Bf4 Qb7 25. g3 Be6 26. Qb5 Rd5 27. Qf1 h5 28. a5 Rxa5 29. Rxa5 Nxa5 30. Qb5 Bd7 31. Qb4 Nc6 32.
Qd6 Qb8 33. Qd3 Qb7 34. Rd1 h4 35. Qd6 hxg3 36. hxg3 a5 37. Qf6 a4 38. Qf7 a3 39.
Qc4 Be6 40. Qd3 a2 41. Qxf3 Rd8 42. Ra1 Bd5 43. Qe3 Rh8 44. f3 Bf7 45. Qe2 Re8 46. Qg2 Qd7 47. Qf2 Kb7 48. c4 Bxc4 49. Be3 b5 50. Bc5 Ne5 51. f4 Ng4 52. Qf3+ Qc6 53. Qxc6+ Kxc6 54. Bf2 Re2 55. Bd4 Rxc2 56. Re1 Kd5 57. Bg7 b4 58. Rd1+ Kc6 59. Bf8 b3 60. Rd6+ Kc7 61. Rd1 b2 62. Bd6+ Kc6 63. Ba3 b1=Q 0-1

[Event "Early-Titled-Tuesday-Blitz-March-05-2024"]
[Site "Chess.com"]
[Date "2024.03.05"]
[Round "3"]
[White "lluiss"]
[Black "guillembaches"]
[Result "0-1"]
[WhiteElo "2165"]
[BlackElo "2529"]
[TimeControl "180+1"]
[EndTime "8:32:24 PST"]
[Termination "guillembaches won by resignation"]

1. Nf3 d5 2. d4 e6 3. c4 a6 4. cxd5 exd5 5. Nc3 Nf6 6. Bg5 Be6 7. e3 Nbd7 8. Bd3 Bd6 9. O-O c6 10. e4 dxe4 11. Nxe4 Be7 12. Re1 O-O 13. Bf4 Nxe4 14. Bxe4 Nf6 15. Bd3 Bb4 16. Bd2 Qb6 17. Bxb4 Qxb4 18.
Qd2 Qxd2 19. Nxd2 Rad8 20. Nf3 Bg4 21. Ne5 Rxd4 22. f3 Be6 23. Re2 Rfd8 24. Bc2 Rd2 25.
Kf2 Rxe2+ 26. Kxe2 Re8 27. Kf2 Nd5 28. Nd3 Bf5 29. Rc1 Bxd3 30. Bxd3 Kf8 31. a3 h6 32. g3 Re3 33. Bc4 Re7 34. Bxd5 cxd5 35. Rd1 Rd7 36. Ke3 Ke7 37. Kd4 Kd6 38. Rc1 b6 39.
Rc2 g5 40. f4 f6 41. fxg5 fxg5 42. Rf2 Re7 43. Rf6+ Re6 44. Rf8 Re2 45. Rf6+ Re6 46. Rf8 Kc6 47. Rf2 a5 48. Rc2+ Kd6 49. Rf2 Re4+ 50.
Kd3 Re6 51. Rd2 Kc5 52. Rf2 Kd6 53. Kd4 b5 54. Kd3 b4 55. axb4 axb4 56. Kd4 Re4+ 57.
Kd3 Ke5 58. Rf8 h5 59. Re8+ Kf5 60. Rxe4 dxe4+ 61. Ke3 h4 62. gxh4 gxh4 63. h3 Ke5 64.
b3 Kd5 65. Ke2 Kd4 66. Kd2 e3+ 0-1

[Event "Early-Titled-Tuesday-Blitz-March-05-2024"]
[Site "Chess.com"]
[Date "2024.03.05"]
[Round "3"]
[White "mary-sanna"]
[Black "ReinisUz"]
[Result "0-1"]
[WhiteElo "2203"]
[BlackElo "2415"]
[TimeControl "180+1"]
[EndTime "8:32:26 PST"]
[Termination "ReinisUz won by resignation"]

1. d4 d5 2. c4 e6 3. Nf3 Nf6 4. g3 Be7 5. Bg2 O-O 6. O-O c6 7.
Nc3 Nbd7 8. Qd3 Rb8 9. Bf4 Ra8 10.
e4 dxe4 11. Nxe4 Nxe4 12. Qxe4 Nf6 13. Qe2 c5 14. Rfd1 cxd4 15. Nxd4 Qb6 16. Nb5 Bd7 17. Bc7 Qc5 18. Bd6 Bxd6 19. Nxd6 Bc6 20. Nxb7 Bxb7 21. Bxb7 Rab8 22. Bg2 a5 23. b3 h6 24. Rd2 a4 25. Qf3 Qa5 26. Rad1 axb3 27.
axb3 Rb4 28. Rd3 Rfb8 29. h4 Qb6 30. Qe3 Rxb3 31. Qxb6 R3xb6 32. Rd8+ Rxd8 33. Rxd8+ Kh7 34. c5 Rb1+ 35. Kh2 Rc1 36. Kh3 Rxc5 37. f4 g6 38. Bf3 Kg7 39. h5 gxh5 40. Kh4 e5 41. fxe5 Rxe5 42. Rd4 Rf5 43. Bg2 Rg5 44. Bf3 Ng4 45. Ra4 Kg6 46. Ra6+ f6 47. Be4+ Kf7 48. Ra7+ Ke6 49.
Rh7 f5 50. Bf3 Kf6 51. Bxg4 hxg4 52. Rxh6+ Rg6 53. Rh5 Ke5 54. Rh8 Ke4 55. Rf8 Rg7 56. Rf6 Re7 57. Kg5 Re5 58. Kg6 Kf3 59. Rxf5+ Rxf5 60. Kxf5 Kxg3 61. Ke4 Kf2 62. Kf4 g3 63. Ke4 g2 0-1

[Event "Early-Titled-Tuesday-Blitz-March-05-2024"]
[Site "Chess.com"]
[Date "2024.03.05"]
[Round "3"]
[White "emeli_chess"]
[Black "viktorskliarov"]
[Result "1/2-1/2"]
[WhiteElo "2443"]
[BlackElo "2601"]
[TimeControl "180+1"]
[EndTime "8:32:27 PST"]
[Termination "Game drawn - insufficient material"]

1. d4 Nf6 2. c4 e6 3. Nc3 Bb4 4. Qc2 c5 5. dxc5 Na6 6. a3 Bxc3+ 7. Qxc3 Nxc5 8. f3 d6 9. e4 e5 10. Be3 Qc7 11. Ne2 O-O 12. Qc2 Be6 13. Nc3 a6 14. Nd5 Bxd5 15. cxd5 Rac8 16. Rc1 Qa5+ 17. b4 Qxa3 18.
Bxc5 dxc5 19. bxc5 Nd7 20. c6 bxc6 21. dxc6 Qe3+ 22.
Be2 Nf6 23. Qd2 Qb6 24. c7 Rxc7 25. Rxc7 Qxc7 26. O-O Rd8 27. Qe3 a5 28. Ra1 Ra8 29.
Bb5 Qa7 30. Qxa7 Rxa7 31. Kf2 Kf8 32. Ke3 Ke7 33. g3 Ne8 34. Ba4 Nd6 35. Rc1 g6 36. f4 f6 37. Rc5 Nf7 38. h4 h6 39. Rc6 g5 40. Rc5 gxh4 41. gxh4 exf4+ 42. Kxf4 Ne5 43. Kf5 Ra6 44. Rb5 Nf3 45. Rb7+ Kd6 46. Kxf6 Kc5+ 47.
Kf5 Nxh4+ 48. Kf4 Ng6+ 49. Kf5 Nh4+ 50. Kf4 Ng2+ 51. Kf3 Ne1+ 52. Kf4 Nd3+ 53. Kf5 Kd4 54. Rd7+ Ke3 55. Rxd3+ Kxd3 56. Bb5+ Kd4 57. Bxa6 a4 58. Bc8 a3 59. Be6 h5 60. Bd5 h4 61.
Kg4 a2 62. Bxa2 Kxe4 63. Kxh4 1/2-1/2